Workbook

Sheet English
F2: Attention: Peninsula and island stands are only available for larger stand spaces! Costs of staff, transportation and extra costs like advertisements can not be calculated with this sheet! Minimum stand size: 12 sqm (see item 7 of the Special Conditions for Participation) The calculation is not binding and no responsibility accepted for errors!
F3: Stand space in sqm | G3: number of co-exhibitors | H3: value added tax
B4: 26.09-28.09.2028
C5: Please select | F5: 12 | G5: 0 | H5: 0
J6: exhibitors from Germany 19%; others 0%
I7: =DropDown!E30 -> apply here
B8: Calculation Regular price (from 02.10.2026) | E8: In-line stand (269 €/sqm) | F8: Corner stand (299€/sqm) | G8: Peninsula stand (319 €/sqm) | H8: Island stand (335 €/sqm)
B9: Rental fee for stand space | E9: =IF($F$5<=12,12*DropDown!C13,$F$5*DropDown!C13) -> 3012 | F9: =IF($F$5<=12,12*DropDown!C14,$F$5*DropDown!C14) -> 3372 | G9: =IF($F$5<=12,12*DropDown!C15,$F$5*DropDown!C15) -> 3588 | H9: =IF($F$5<=12,12*DropDown!C16,$F$5*DropDown!C16) -> 3708 | O9: 0 | P9: 0.19
B10: co-exhibitor fee | C10: 1599 | E10: =$G$5*$C$10 -> 0 | F10: =$G$5*$C$10 -> 0 | G10: =$G$5*$C$10 -> 0 | H10: =$G$5*$C$10 -> 0
B11: Marketing services | C11: 1229 | D11: Pcs | E11: =C11 -> 1229 | F11: =C11 -> 1229 | G11: =C11 -> 1229 | H11: =C11 -> 1229
B12: further obligatory costs | C12: =DropDown!C23 -> 0 | D12: Pcs | E12: =C12 -> 0 | F12: =C12 -> 0 | G12: =C12 -> 0 | H12: =C12 -> 0
B13: AUMA-contribution | C13: 0.8 | D13: per sqm | E13: =C13*F5 -> 9.6 | F13: =C13*F5 -> 9.6 | G13: =C13*F5 -> 9.6 | H13: =C13*F5 -> 9.6
B14: Waste disposal service during the event (up to an area of 500m²) | C14: 6.4 | D14: per sqm | E14: =IF($F$5<500,$F$5*$C$14,500*$C$14) -> 76.8 | F14: =IF($F$5<500,$F$5*$C$14,500*$C$14) -> 76.8 | G14: =IF($F$5<500,$F$5*$C$14,500*$C$14) -> 76.8 | H14: =IF($F$5<500,$F$5*$C$14,500*$C$14) -> 76.8 | I14: =DropDown!E31 -> www.auma.de/en/
B15: Total investment without stand construction/net | E15: =E9+E10+E11+E12+E13+E14 -> 4327.4 | F15: =F9+F10+F11+F12+F13+F14 -> 4687.4 | G15: =G9+G10+G11+G12+G13+G14 -> 4903.4 | H15: =H9+H10+H11+H12+H13+H14 -> 5023.4
B16: + Value added tax | C16: =H5 -> 0 | D16: VAT | E16: =IF($C$16="-choose-",0,E15*$C$16) -> 0 | F16: =IF($C$16="-choose-",0,F15*$C$16) -> 0 | G16: =IF($C$16="-choose-",0,G15*$C$16) -> 0 | H16: =IF($C$16="-choose-",0,H15*$C$16) -> 0
B17: Total investment without stand construction/gross | E17: =E15+E16 -> 4327.4 | F17: =F15+F16 -> 4687.4 | G17: =G15+G16 -> 4903.4 | H17: =H15+H16 -> 5023.4
B20: Example with Complete rental stand*
B21: Complete price incl. power supply up to 3kw for 2026. Prices are subject to change until booking. | I21: =DropDown!E32 -> more complete rental stands: www.standconfigurator.com
B22: HELIOS net (Minimum stand space 15sqm) | C22: =DropDown!C25 -> 219 | D22: per sqm | E22: =IF(F5<15,15*C22,C22*F5) -> 3285
B23: + Value added tax | C23: =H5 -> 0 | D23: VAT | E23: =IF($C$23="-choose-",0,E22*C23) -> 0
B24: Total investment with stand construction/gross | E24: =E17+E22+E23 -> 7612.4 | F24: =F17+E22+E23 -> 7972.4 | G24: =G17+E22+E23 -> 8188.4 | H24: =H17+E22+E23 -> 8308.4
B26: PALLAS net (Minimum stand space 12sqm) | C26: 115 | D26: per sqm | E26: =IF(F5<9,9*C26,C26*F5) -> 1380
B27: + Value added tax | C27: =H5 -> 0 | D27: VAT | E27: =IF($C$27="-choose-",0,E26*C27) -> 0
B28: Total investment with stand construction/gross | E28: =E17+E26+E27 -> 5707.4 | F28: =F17+E26+E27 -> 6067.4 | G28: =G17+E26+E27 -> 6283.4 | H28: =H17+E26+E27 -> 6403.4
B30: * Please order your complete rental stand at www.standconfigurator.com
B32: 0
B33: 6

Sheet DropDown
A9: Mehrwertsteuer | C9: -auswählen- | E9: -choose-
C10: 0 | E10: =C10 -> 0
C11: 0.19 | E11: =C11 -> 0.19
A13: Reihenstand | C13: 251
A14: Eckstand | C14: 281
A15: Kopfstand | C15: 299
A16: Blockstand | C16: 309
A18: AUMA-Beitrag | C18: 0.6
A20: Entsorgungsservice Laufzeit | C20: 5.95
A22: Marketing-Services | C22: 1179
A23: Company & Product Paket
A25: HELIOS | C25: 219
A26: PALLAS | C26: 115
A27: THETYS | C27: 239
A30: Veranstaltungswebseite | C30: apply here | E30: apply here
A31: AUMA | C31: www.auma.de | E31: www.auma.de/en/
A32: Standkonfigurator | C32: weitere Miet-Komplettstände: www.standkonfigurator.de | E32: more complete rental stands: www.standconfigurator.com
C35: ja | E35: yes
C36: nein | E36: no
